 Dungeon Crawl Stone Soup version 0.31-a0-446-g07c4bd200f (webtiles) character file.

Game seed: 15248962371017768588

2387 Jepp2078 the Cleaver (level 9, -2/70 HPs)
             Began as a Minotaur Fighter on Aug 3, 2023.
             Was an Elder of Makhleb.
             Slain by Duvessa
             ... wielding a +0 rapier of speed
              (9 damage)
             ... on level 7 of the Dungeon.
             The game lasted 00:18:26 (5407 turns).

Jepp2078 the Cleaver (Minotaur Fighter)             Turns: 5407, Time: 00:18:27

Health: -2/70      AC: 12    Str: 26    XL:     9   Next: 22%
Magic:  11/11      EV: 11    Int:  5    God:    Makhleb [****..]
Gold:   1085       SH:  5    Dex:  9    Spells: 8/8 levels left

rFire   x . .        u - +2 hand axe (elec)
rCold   + . .        c - +0 buckler
rNeg    . . .        b - +0 scale mail
rPois   .            (helmet restricted)
rElec   .            g - +1 cloak
rCorr   .            p - +0 pair of gloves
SInv    .            B - +0 pair of boots
Will    .....        C - amulet of regeneration Stlth
                     m - ring of ice
HPRegen 1.11/turn    r - ring of wizardry
MPRegen 0.12/turn

%: wizardry (x1)
@: no status effects
A: horns 2, retaliatory headbutt
a: Renounce Religion, Minor Destruction, Lesser Servant of Makhleb, Major
Destruction


You were on level 7 of the Dungeon.
You worshipped Makhleb.
Makhleb was greatly pleased with you.
You visited 1 branch of the dungeon, and saw 8 of its levels.

You collected 1085 gold pieces.

Inventory:

Hand Weapons
 a - a +0 war axe
 u - a +2 hand axe of electrocution (weapon)
Missiles
 l - 21 poisoned darts
 q - 41 stones (quivered)
 x - 2 boomerangs
Armour
 b - a +0 scale mail (worn)
 c - a +0 buckler (worn)
 g - a +1 cloak (worn)
 j - a +1 cloak
 p - a +0 pair of gloves (worn)
 B - a +0 pair of boots (worn)
Jewellery
 m - a ring of ice (left hand)
 r - a ring of wizardry (right hand)
 v - an amulet of faith
 C - an amulet of regeneration (around neck)
Wands
 s - a wand of paralysis (12)
 t - a wand of light (8)
 y - a wand of flame (28)
Scrolls
 f - a scroll of enchant weapon
 h - 5 scrolls of identify
 i - 2 scrolls of fog
 w - a scroll of amnesia
 A - a scroll of blinking {unknown}
Potions
 d - a potion of might
 e - 3 potions of lignification
 k - 3 potions of enlightenment {unknown}
 n - 2 potions of haste {unknown}
 o - 2 potions of cancellation {unknown}
 z - a potion of brilliance {unknown}


   Skills:
 - Level 3.6 Fighting
 + Level 9.2 Axes
 - Level 7.2 Armour
 - Level 4.4 Dodging
 + Level 7.0 Shields
 - Level 5.0 Invocations


You had 8 spell levels left.
You didn't know any spells.
Your spell library contained the following spells:

 Spells                   Type           Power      Damage    Failure   Level
 Sandblast                Erth           0%         2d4       45%         1
 Passwall                 Tmut/Erth      0%         N/A       58%         2
 Dazzling Flash           Conj/Hex       0%         N/A       80%         3
 Inner Flame              Hex/Fire       0%         N/A       80%         3
 Stone Arrow              Conj/Erth      0%         3d7       80%         3
 Agony                    Necr           0%         N/A       100%        5
 Silence                  Hex/Air        0%         N/A       100%        5
 Yara's Violent Unravell  Hex/Tmut       0%         3d3       100%        5
 Enfeeble                 Hex            0%         N/A       100%        7


Dungeon Overview and Level Annotations

Branches:
Dungeon (8/15)             Temple (0/1) D:4
   Lair: D:8-11

Altars:
Ashenzari
Dithmenos
Elyvilon
Fedhas
Gozag
Makhleb
Ru
Trog
Vehumet
Xom

Shops:
D:1 [?   D:4 [

Annotations:
D:7 Duvessa


Innate Abilities, Weirdness & Mutations

You have a pair of horns on your head.
You reflexively headbutt those who attack you in melee.


Message History

No target in view!
Duvessa, Sister of Dowan comes into view.
She is wielding a +0 rapier of speed and wearing a +1 ring mail of willpower.
Duvessa shouts!
Duvessa goes berserk!
Duvessa hits you with a +0 rapier of speed!
You closely miss Duvessa. You slash the bush! You block Duvessa's attack.
Duvessa hits you with a +0 rapier of speed!
You hit Duvessa.
Duvessa is lightly wounded.
You hit the bush but do no damage.
Duvessa hits you with a +0 rapier of speed.
Duvessa hits you but does no damage.
You hit Duvessa. Lightning courses through Duvessa!
Duvessa is heavily wounded.
You hit the bush but do no damage. Lightning courses through the bush!
Duvessa hits you with a +0 rapier of speed.
Duvessa barely misses you.
You barely miss Duvessa.
Duvessa is heavily wounded.
You hit the bush but do no damage.
Duvessa hits you with a +0 rapier of speed.
Duvessa closely misses you.
You barely miss Duvessa. You headbutt Duvessa, but do no damage.
Duvessa is heavily wounded.
You hit the bush but do no damage. Duvessa barely misses you.
Duvessa hits you with a +0 rapier of speed!!
You hit Duvessa.
Duvessa is heavily wounded.
You hit the bush but do no damage. Lightning courses through the bush!
You block Duvessa's attack.
You hit Duvessa.
Duvessa is heavily wounded.
You hit the bush but do no damage.
Duvessa hits you with a +0 rapier of speed!
* * * LOW HITPOINT WARNING * * *
Duvessa hits you with a +0 rapier of speed!
* * * LOW HITPOINT WARNING * * *
A demon appears!
Duvessa hits you with a +0 rapier of speed!
You die...

# .. #### ...
#.... .... #.....
...# #..$..
+###...)#
#.~~.P♣♣♣P))~...#
#.~~....@eP)~...+
#!..P♣♣4♣♣PP....#
#...♣♣P).♣♣.....#
# ♣P♣P...P♣.♣...#
♣...._...P♣.###
♣.♣.....♣.♣ #
#P.♣♣P..♣♣...
#.P.♣♣.♣♣ ..#
#~~P "P.. .#


You could see Duvessa (berserk, ally target) and a friendly orange demon
(summoned).

Vanquished Creatures
  Grinder (D:6)
  Sigmund (D:6)
  Menkaure (D:5)
  An ice beast (D:5)
  A sky beast (D:6)
  An ogre (D:5)
  2 black bears (D:4)
  A phantom (D:6)
  A kobold brigand (D:5)
  A bullfrog (D:6)
  5 scorpions
  Dowan (D:7)
  4 hounds
  A jelly (D:6)
  A gnoll bouda (D:6)
  5 orc priests
  A sleepcap (D:6)
  2 iguanas (D:4)
  4 orc wizards
  Robin (D:4)
  5 gnolls (D:3)
  11 adders
  An ufetubus (D:6)
  2 worms
  3 dart slugs
  29 orcs
  7 ball pythons
  4 endoplasms (D:2)
  A giant cockroach (D:2)
  14 goblins
  12 hobgoblins
  7 jackals
  5 quokkas
  8 bats
  5 frilled lizards
  14 kobolds
  4 rats
168 creatures vanquished.

Vanquished Creatures (collateral kills)
  An ogre (D:4)
  An orc (D:4)
2 creatures vanquished.

Grand Total: 170 creatures vanquished

Notes
Turn   | Place    | Note
-------+----------+-------------------------------------------
     0 | D:1      | Jepp2078 the Minotaur Fighter began the quest for the Orb.
     0 | D:1      | Reached XP level 1. HP: 19/19 MP: 0/0
    91 | D:1      | Found a faded altar of an unknown god.
   105 | D:1      | Reached skill level 3 in Axes
   125 | D:1      | Prayed at the altar of an unknown god.
   125 | D:1      | Became a worshipper of Makhleb the Destroyer
   125 | D:1      | Reached * piety under Makhleb
   200 | D:1      | Reached XP level 2. HP: 25/26 MP: 1/1
   202 | D:1      | Found Gicsor's Armour Shop.
   315 | D:1      | Found Taiv's Magic Scroll Shop.
   385 | D:1      | Reached skill level 4 in Axes
   697 | D:2      | Reached XP level 3. HP: 31/31 MP: 2/2
   844 | D:2      | Reached ** piety under Makhleb
  1318 | D:3      | Reached skill level 5 in Axes
  1471 | D:3      | Found a broken altar of Ashenzari.
  1515 | D:3      | Found a shadowy altar of Dithmenos.
  1569 | D:3      | Reached XP level 4. HP: 39/39 MP: 3/3
  1631 | D:3      | Reached skill level 6 in Axes
  1635 | D:3      | Reached XP level 5. HP: 28/45 MP: 4/4
  1832 | D:3      | Reached *** piety under Makhleb
  2335 | D:4      | Found a blossoming altar of Fedhas.
  2464 | D:4      | Reached skill level 1 in Invocations
  2509 | D:4      | Noticed Robin
  2536 | D:4      | Killed Robin
  2537 | D:4      | Reached XP level 6. HP: 51/51 MP: 4/6
  2799 | D:4      | Found a bloodstained altar of Trog.
  2991 | D:4      | Found a radiant altar of Vehumet.
  3039 | D:4      | Reached skill level 5 in Armour
  3111 | D:4      | Found a staircase to the Ecumenical Temple.
  3152 | D:4      | Reached XP level 7. HP: 57/57 MP: 8/8
  3353 | D:4      | Found Nulekhlupp's Armour Shoppe.
  3887 | D:5      | Entered Level 5 of the Dungeon
  4170 | D:5      | Reached **** piety under Makhleb
  4254 | D:5      | Reached skill level 5 in Invocations
  4262 | D:5      | Reached XP level 8. HP: 64/64 MP: 10/10
  4275 | D:5      | Identified a scroll of acquirement
  4275 | D:5      | Acquired 865 gold pieces
  4288 | D:5      | Noticed Menkaure
  4294 | D:5      | Killed Menkaure
  4295 | D:5      | Reached skill level 7 in Axes
  4295 | D:5      | Reached skill level 1 in Dodging
  4418 | D:5      | Found a sacrificial altar of Ru.
  4889 | D:6      | Found an opulent altar of Gozag.
  4913 | D:6      | Reached skill level 5 in Shields
  5008 | D:6      | Reached skill level 8 in Axes
  5160 | D:6      | Noticed Sigmund
  5178 | D:6      | Killed Sigmund
  5179 | D:6      | Reached XP level 9. HP: 67/70 MP: 11/11
  5253 | D:6      | Noticed Grinder
  5264 | D:6      | Killed Grinder
  5265 | D:6      | Reached skill level 9 in Axes
  5293 | D:6      | Found a shimmering altar of Xom.
  5340 | D:7      | You fall into a shaft and drop 1 floor!
  5366 | D:7      | Noticed Dowan
  5366 | D:7      | Found a white marble altar of Elyvilon.
  5386 | D:7      | Killed Dowan
  5396 | D:7      | Noticed Duvessa
  5407 | D:7      | Slain by Duvessa

Illustrated notes

Levels and vault maps discovered:
D:1:      psy_arrival_radial02, layout_rooms,
          shapermc_ecumenical_altar_acropolis, serial_shops, shop,
          nicolae_shop_tiny_statue_garden, serial_bayou_ford_a, chequers_garden,
          minmay_misc_feat_roman, chequers_serial_rivers_room_b
D:2:      layout_loops_ring
D:3:      kb_forest_paths, layout_loops_cross,
          grunt_dithmenos_smoke_and_mirrors, mainiacjoe_overflow_catwalk,
          kennysheep_minor_cross
D:4:      layout_layer_cave, vehumet_altar_wand_db,
          mainiacjoe_overflow_catch_the_wave, minmay_temple_entry_nine_rooms,
          serial_shops, nicolae_shop_gibbet_a_chance, uniq_robin
D:5:      layout_basic, nicolae_ru_great_annihilating_truth,
          minmay_strange_pillars, uniq_menkaure
D:6:      minmay_diamond_boxcup, layout_basic, kennysheep_mini,
          kennysheep_mini_moat, uniq_sigmund, uniq_grinder
D:7:      layout_basic, nicolae_elyvilon_peaceful_grove, dk_yredelemnul_ordeal,
          uniq_duvessa
D:8:      layout_loops_ring, nicolae_wu_jian_immortal_techniques,
          uniq_gastronok, uniq_erica, uniq_amaemon

Skill      XL: |  1  2  3  4  5  6  7  8  9 |
---------------+----------------------------+-----
Axes           | 3 4 5 6 8 9 |  9.2
Armour         | 4 5 7 |  7.2
Invocations    | 1 3 5 |  5.0
Dodging        | 4 |  4.4
Shields        | 6 7 |  7.0
Fighting       | |  3.6

Action                     |  1- 3 |  4- 6 |  7- 9 || total
---------------------------+-------+-------+-------++-------
  Melee: War axe           |   107 |   135 |    24 ||   266
         Headbutt          |    14 |    15 |    34 ||    63
         Hand axe          |       |       |   179 ||   179
  Throw: Stone             |       |       |     5 ||     5
 Invoke: Lesser Servant of |       |     1 |     2 ||     3
    Use: Scroll            |       |       |    10 ||    10
   Stab: Paralysed         |       |       |     1 ||     1
 Armour: Scale mail        |    51 |    46 |    89 ||   186
  Dodge: Dodged            |    54 |    54 |    62 ||   170
  Block: Buckler           |    30 |    26 |    41 ||    97

Table legend: (Time is in decaauts)
 A = Elapsed time spent in this place.
 B = Non-inter-level travel time spent in this place.
 C = Inter-level travel time spent in this place.
 D = Time resting spent in this place.
 E = Time spent auto-exploring this place.
 F = Levels seen in this place.
 G = Mean time per level.
                   A        B        C        D        E       F      G
               +--------+--------+--------+--------+--------+-----+--------+
         Total |   5491 |   5321 |    170 |     36 |   4088 |   8 |  686.4 |
       Dungeon |   5491 |   5321 |    170 |     36 |   4088 |   8 |  686.4 |
               +--------+--------+--------+--------+--------+-----+--------+

Top non-repeatable levels by time:
     D:4: 1703 daAuts
     D:3: 901 daAuts
     D:5: 729 daAuts
     D:1: 726 daAuts
     D:2: 697 daAuts
     D:6: 667 daAuts
     D:7: 38 daAuts
     D:8: 25 daAuts
